 Dungeon Crawl Stone Soup version 0.28.0-53-g5a82cb258f (webtiles) character file.

Game seed: 2246805837024490164

63 kailyn the Poker (level 4, -12/34 HPs)
             Began as a Merfolk Gladiator on July 19, 2022.
             Mangled by Sigmund
             ... wielding a +0 scythe
              (16 damage)
             ... on level 2 of the Dungeon.
             The game lasted 00:17:46 (1844 turns).

kailyn the Poker (Merfolk Gladiator)                Turns: 1844, Time: 00:17:47

Health: -12/34     AC:  6    Str: 16    XL:     4   Next: 9%
Magic:  4/4        EV: 13    Int:  7    God:
Gold:   37         SH:  0    Dex: 15    Spells: 3/3 levels left

rFire   . . .      SeeInvis .   a - +0 trident
rCold   . . .      Faith    .   (no shield)
rNeg    . . .      Spirit   .   b - +2 leather armour
rPois   .          Reflect  .   c - +0 helmet
rElec   .          Harm     .   (no cloak)
rCorr   .          Rampage  .   (no gloves)
Will    .....                   (no boots)
Stlth   +.........              (no amulet)
HPRegen 0.11/turn               (no ring)
MPRegen 0.09/turn               (no ring)

@: confused, mighty
A: (nimble swimmer 2), mertail
a: no special abilities


You were on level 2 of the Dungeon.
You visited 1 branch of the dungeon, and saw 2 of its levels.

You collected 37 gold pieces.

Inventory:

Hand Weapons
 a - a +0 trident (weapon)
Missiles
 d - 3 throwing nets (quivered)
Armour
 b - a +2 leather armour (worn)
 c - a +0 helmet (worn)
Scrolls
 e - a scroll of identify


   Skills:
 + Level 2.6 Fighting
 + Level 5.6 Polearms
 + Level 2.0 Throwing
 + Level 0.6 Armour
 + Level 4.7 Dodging
 + Level 0.5 Stealth


You had 3 spell levels left.
You didn't know any spells.
Your spell library was empty.

Dungeon Overview and Level Annotations

Branches:
Dungeon (2/15)

Altars:

Annotations:
D:2 Sigmund, Terence


Innate Abilities, Weirdness & Mutations

((You are very nimble when in or above water. (Stealth+, EV+, Speed+++)))
Your lower body shifts to a powerful aquatic tail in water.


Message History

You barely miss Terence.
Terence is heavily wounded.
Terence says, "Don't bother to defend, it's senseless."
Terence misses you.
You closely miss Terence.
Terence is heavily wounded.
Terence hits you with a +0 mace.
You see here a +0 dagger.
Terence asks, "Do you want it fast or slow?"
You hear some strange, mumbled words.
Something tries to affect you, but you resist.
A puff of flame appears from out of thin air!
The puff of flame hits you.
* * * LOW HITPOINT WARNING * * *
You are confused.
You're too confused to move!
A magic dart appears from out of thin air!
The magic dart hits you!
* * * LOW HITPOINT WARNING * * *
You bump into the rock wall.
You bump into the rock wall.
You bump into the rock wall.
Something barely misses you.
You bump into the rock wall.
You feel less confused.
You hear some strange, mumbled words.
You are confused.
You bump into the rock wall.
Sigmund appears from thin air!
Reactivating autopickup.
You bump into the rock wall.
Sigmund closely misses you.
You feel less confused.
Sigmund mumbles some strange words.
Sigmund flickers and vanishes!
Deactivating autopickup; reactivate with Ctrl-A.
You are confused.
You hear some strange, mumbled words.
Something tries to affect you, but you resist.
You bump into the rock wall.
Something hits you!
You die...

#@# #S# ########### ########
#{# ..........# #......# #.#
#########.# #......###.###
....# #.# #.......@....# ....#
#.# #.....S.##.#.# ....#
#.###.......##.#.# ....#
#.......@......# #. ....#
##..##...#'#.#......# ....#
##..#####.#.#.#.#.......
....###..## #.#.#'#.#.......
....##....## #.#.............
#####..##..####.#.............
##[.##....##................
##..##.)##..##.#.......##.##.
##..##....##..###.......#


You could see Terence and a ball python.

Vanquished Creatures
  Robin (D:1)
  An adder (D:2)
  An endoplasm (D:2)
  4 giant cockroaches
  12 goblins
  3 hobgoblins
  4 kobolds
  2 ball pythons (D:1)
  6 bats
  3 frilled lizards (D:1)
  5 rats (D:1)
42 creatures vanquished.

Notes
Turn   | Place    | Note
-------+----------+-------------------------------------------
     0 | D:1      | kailyn the Merfolk Gladiator began the quest for the Orb.
     0 | D:1      | Reached XP level 1. HP: 16/16 MP: 1/1
   448 | D:1      | Reached XP level 2. HP: 21/22 MP: 2/2
   954 | D:1      | Reached skill level 5 in Polearms
  1030 | D:2      | Noticed Robin
  1038 | D:2      | Reached XP level 3. HP: 28/28 MP: 3/3
  1223 | D:1      | Killed Robin
  1675 | D:2      | Reached XP level 4. HP: 27/34 MP: 4/4
  1796 | D:2      | Noticed Terence
  1796 | D:2      | Noticed Sigmund
  1820 | D:2      | HP: 1/34 [something/magic dart (9)]
  1844 | D:2      | Mangled by Sigmund

Illustrated notes

Levels and vault maps discovered:
D:1:      dpeg_arrival_ratfight, layout_basic, hangedman_decor_points
D:2:      minmay_alternating_diamond, layout_basic, uniq_terence, uniq_sigmund,
          uniq_robin

Skill      XL: |  1  2 |
---------------+-------+-----
Polearms       | 5 |  5.6
Fighting       | |  2.6
Throwing       | |  2.0
Armour         | |  0.6
Dodging        | |  4.7
Stealth        | |  0.5

Action                   |  1- 3 |  4- 6 || total
-------------------------+-------+-------++-------
Melee: Trident           |   114 |     8 ||   122
       Punch             |     1 |       ||     1
  Use: Scroll            |     7 |       ||     7
       Potion            |     2 |     1 ||     3
Armor: Leather armour    |    48 |     1 ||    49
Dodge: Dodged            |    95 |     8 ||   103
